 Dungeon Crawl Stone Soup version 0.20-b1-2-gc5a9893 (webtiles) character file.

40 Exporg the Caller (level 3, -3/14 HPs)
             Began as a Felid Summoner on May 21, 2017.
             Slain by a gnoll
             ... wielding a +0 whip
              (12 damage)
             ... on level 2 of the Dungeon.
             The game lasted 00:09:17 (1516 turns).

Exporg the Caller (Felid Summoner)                  Turns: 1516, Time: 00:09:18

Health: -3/14      AC:  1    Str:  4    XL:     3   Next: 30%
Magic:  1/7        EV: 18    Int: 17    God:
Gold:   59         SH:  0    Dex: 16    Spells: 3/6 levels left
                                        Lives:  0   Deaths: 0

rFire    + . .     SeeInvis +   (weapon unavailable)
rCold    . . .     Gourm    .   (shield unavailable)
rNeg     . . .     Faith    .   (armour unavailable)
rPois    .         Spirit   .   (helmet unavailable)
rElec    .         Reflect  .   (cloak unavailable)
rCorr    .         Harm     .   (gloves unavailable)
MR       .....                  (boots unavailable)
Stlth    +++.......             h - amulet of regeneration
Regen    0.5/turn               c - ring of protection from fire
MPRegen  0.1/turn               (no ring)

@: very slightly contaminated, quick
A: no armour, no weapons or thrown items, stealth, claws 1, fangs 3, see
invisible, carnivore 3, speed 1, shaggy fur 1, slow metabolism 1, sharp paws
a: no special abilities


You were on level 2 of the Dungeon.
You were very full.

You visited 1 branch of the dungeon, and saw 3 of its levels.

You collected 59 gold pieces.

Inventory:

Jewellery
 c - a ring of protection from fire (left paw)
 h - an amulet of regeneration (around neck)
Scrolls
 e - a scroll of enchant armour {unknown}
 f - a scroll of recharging {unknown}
 g - a scroll of identify {unknown}
 i - a scroll of remove curse {unknown}
 k - a scroll of amnesia {unknown}
 l - a scroll of noise {unknown}
Potions
 d - a potion of curing {unknown}
Books
 a - a book of Callings

   Spells                             Type                      Level
   a - Summon Small Mammal            Summoning                    1
   b - Call Imp                       Summoning                    2
   c - Call Canine Familiar           Summoning                    3
   d - Summon Guardian Golem          Hexes/Summoning              3
   e - Summon Lightning Spire         Summoning/Air                4
   f - Summon Ice Beast               Ice/Summoning                4
Comestibles
 b - 2 meat rations
 j - 2 royal jellies
 m - 5 chunks of flesh


   Skills:
 + Level 2.8 Dodging
 * Level 3.5 Stealth
 + Level 2.3 Spellcasting
 + Level 4.6 Summonings


You had 3 spell levels left.
You knew the following spells:

 Your Spells              Type           Power        Failure   Level  Hunger
a - Summon Small Mammal   Summ           ###.         2%          1    #......
b - Call Imp              Summ           ###.....     4%          2    ###....


Dungeon Overview and Level Annotations

Branches:
Dungeon (3/15)

Altars:


Innate Abilities, Weirdness & Mutations

You cannot wear armour.
You are incapable of wielding weapons or throwing items.
Your paws allow you to move quietly. (Stealth)
You have sharp claws.
You have razor-sharp teeth.
You have supernaturally acute eyesight. (SInv)
You are carnivorous and can eat meat at any time.
You cover ground quickly.
You are covered in fur. (AC +1)
You have a slow metabolism.
Your sharp claws are effective at attacking unaware monsters.


Message History

The gnoll is lightly wounded.
Your rat closely misses the gnoll.
The gnoll closely misses you.
You scratch the gnoll.
The gnoll is moderately wounded.
The gnoll closely misses you.
Your rat bites the gnoll.
The gnoll completely misses you.
You barely miss the gnoll.
The gnoll is heavily wounded.
The gnoll closely misses you.
Your rat bites the gnoll but does no damage.
The gnoll barely misses you.
You scratch the gnoll.
The gnoll is heavily wounded.
The gnoll hits you but does no damage.
Your rat barely misses the gnoll.
The gnoll barely misses you.
You scratch the gnoll. You bite the gnoll.
You kill the gnoll!
The gnoll hits you with a whip!
Ouch! That really hurt!
You die...

......(....####
#######....#
#$...# #>...#
#...## #.?.#
#.r.# #)g.#
#@..# #...#
#####


You could see a gnoll and a friendly rat.

Vanquished Creatures
  A gnoll (D:2)
  A leopard gecko (D:1)
  2 bats (D:1)
  A goblin (D:2)
5 creatures vanquished.

Vanquished Creatures (collateral kills)
  An adder (D:2)
  An ooze (D:2)
  A dart slug (D:1)
  2 bats (D:1)
  3 giant cockroaches
  5 goblins (D:1)
  5 hobgoblins
  A jackal (D:2)
  6 kobolds (D:1)
  3 frilled lizards (D:1)
  3 rats (D:1)
31 creatures vanquished.

Grand Total: 36 creatures vanquished

Notes
Turn   | Place    | Note
-------+----------+-------------------------------------------
     0 | D:1      | Exporg the Felid Summoner began the quest for the Orb.
     0 | D:1      | Reached XP level 1. HP: 7/7 MP: 4/4
   463 | D:1      | Reached XP level 2. HP: 11/11 MP: 3/6
   467 | D:1      | Learned a level 2 spell: Call Imp
  1400 | D:2      | Reached XP level 3. HP: 14/14 MP: 5/7
  1516 | D:2      | Slain by a gnoll

Skill      XL: |  1 |
---------------+----+-----
Stealth        | 3 |  3.5
Dodging        | |  2.8
Spellcasting   | |  2.3
Summonings     | |  4.6

Action                   || total
-------------------------++-------
Melee: Unarmed           ||    29
       Bite              ||     2
 Cast: Summon Small Mamm ||    44
       Call Imp          ||     8
  Eat: Chunk             ||     9
Armor: Skin              ||     4
Dodge: Dodged            ||    48
